 Dungeon Crawl Stone Soup version 0.29.1-15-g9cfb28693d (webtiles) character file.

Game seed: 2625927891301936253

579 javelincjr the Sneak (level 7, 0/45 HPs)
             Began as an Octopode Hedge Wizard on May 1, 2023.
             Was an Initiate of Sif Muna.
             Slain by a goblin
             ... wielding a +0 dagger
              (2 damage)
             ... on level 4 of the Dungeon.
             The game lasted 00:10:44 (4421 turns).

javelincjr the Sneak (Octopode Hedge Wizard)        Turns: 4421, Time: 00:10:44

Health: 0/45       AC:  1    Str:  8    XL:     7   Next: 36%
Magic:  11/11      EV: 14    Int: 17    God:    Sif Muna [......]
Gold:   93         SH:  0    Dex: 16    Spells: 8/13 levels left

rFire   x . .      SeeInvis .   p - +2 war axe (distort)
rCold   + . .      Faith    .   (no shield)
rNeg    . . .      Spirit   .   b - +0 hat
rPois   .          Reflect  .   (no amulet)
rElec   .          Harm     .   m - ring of ice
rCorr   .          Rampage  .   (no ring)
Will    .....                   (no ring)
Stlth   ++++......              (no ring)
HPRegen 0.15/turn               (no ring)
MPRegen 0.12/turn               (no ring)
                                (no ring)
                                (no ring)

@: no status effects
A: almost no armour, amphibious, 8 rings, camouflage 1, gelatinous body 1,
(nimble swimmer 1), tentacles, agile 1, low MP 1, screaming 1
a: Renounce Religion


You were on level 4 of the Dungeon.
You worshipped Sif Muna.
Sif Muna was noncommittal.
You visited 1 branch of the dungeon, and saw 4 of its levels.

You collected 93 gold pieces.

Inventory:

Hand Weapons
 a - a +0 dagger
 p - a +2 war axe of distortion (weapon)
Armour
 b - a +0 hat (worn)
 e - an orb of guile
Jewellery
 m - a ring of ice (left tentacle)
Wands
 r - a wand of roots (3)
Scrolls
 f - 3 scrolls of vulnerability
 i - 2 scrolls of brand weapon {unknown}
 j - a scroll of immolation {unknown}
 o - a scroll of poison {unknown}
 q - a scroll of noise {unknown}
 s - a scroll of teleportation {unknown}
Potions
 c - a potion of magic
 d - a potion of brilliance {unknown}
 g - 2 potions of haste
 h - a potion of degeneration {unknown}
 k - 3 potions of heal wounds
 l - a potion of might {unknown}
 n - 2 potions of curing


   Skills:
 + Level 2.3 Fighting
 + Level 3.3 Dodging
 + Level 4.9 Stealth
 + Level 3.9 Spellcasting
 + Level 3.0 Conjurations
 + Level 2.8 Summonings
 + Level 3.0 Translocations


You had 8 spell levels left.
You knew the following spells:

 Your Spells              Type           Power      Damage    Failure   Level
a - Magic Dart            Conj           52%        1d5       4%          1
b - Blink                 Tloc           26%        N/A       7%          2
c - Call Imp              Summ           13%        N/A       8%          2

Your spell library contained the following spells:

 Spells                   Type           Power      Damage    Failure   Level
 Slow                     Hex            12%        N/A       16%         1
 Conjure Flame            Conj/Fire      8%         6-21      26%         3
 Mephitic Cloud           Conj/Pois/Air  6%         N/A       32%         3
 Confusing Touch          Hex            3%         N/A       43%         3
 Ignite Poison            Fire/Tmut/Pois 3%         N/A       43%         3
 Vampiric Draining        Necr           3%         2d6       43%         3
 Freezing Cloud           Conj/Ice/Air   5%         6-21      96%         5


Dungeon Overview and Level Annotations

Branches:
Dungeon (4/15)             Temple (0/1) D:4

Altars:
Ashenzari
Ru
Sif Muna
Yredelemnul
Zin

Shops:
D:1 (

Annotations:
D:4 Natasha


Innate Abilities, Weirdness & Mutations

You cannot wear most types of armour.
You are amphibious.
You can wear up to eight rings at the same time.
Your skin changes colour to match your surroundings (Stealth+).
Your rubbery body absorbs attacks. (AC +1, EV +1)
((You are camouflaged when in or above water. (Stealth+)))
You have tentacles for arms and can constrict up to eight enemies at once.
You are agile. (Dex +4, Str/Int -1)
Your magical capacity is low. (-10% MP)
You occasionally shout uncontrollably at your foes.


Message History

You suddenly lose the ability to move!
Grinder hits you.
You feel a genetic drift.
You feel the urge to shout.
You no longer feel a malignance within.
Grinder says, "Mostly I couldn't keep them alive."
Grinder hits you but does no damage.
You can move again.
You barely miss Grinder. Your grab misses Grinder.
Grinder is almost dead.
The goblin shouts!
Grinder hits you.
You writhe in agony.
You hit Grinder. Your grab misses Grinder.
Grinder is almost dead.
Grinder gestures at you. You resist with significant effort.
The goblin hits you with a +0 dagger. Grinder hits you.
You barely miss Grinder. Your grab misses Grinder.
Grinder is almost dead.
You barely miss the goblin. Grinder gestures at you.
You suddenly lose the ability to move!
The goblin hits you with a +0 dagger. The goblin hits you with a +0 dagger.
Grinder hits you!
* * * LOW HITPOINT WARNING * * *
You writhe in agony.
* * * LOW HITPOINT WARNING * * *
Grinder gestures at you.
You barely resist. The goblin hits you with a +0 dagger.
* * * LOW HITPOINT WARNING * * *
You can move again.
You barely miss Grinder. You grab Grinder. You squeeze Grinder.
You kill Grinder!
Sif Muna accepts your kill.
You miss the goblin. The goblin closely misses you.
The goblin hits you with a +0 dagger.
* * * LOW HITPOINT WARNING * * *
Your Conjurations skill increases to level 3!
Your Translocations skill increases to level 3!
You have reached level 7!
You miss the goblin. Your grab misses the goblin.
The goblin hits you with a +0 dagger.
You die...

#.##.#.############.#####.#
#.##.#............#.......#
#.[......##.......#.....#.#
#........##.......#.###.#.#
.....##..#........#.###.#.#
#.#...#..#........#.#.....#
#.#...#..#........#.#.#.###
#.................#.#.#.#
#........#.....g@##.....#
#.##...###.....#.####.###
#.##.......###.#.####.#
#.###..###.##.........#
#.###...........>######
.......###.#...#.# ..######
.......# ..# #.....### .##
######


You could see a goblin.

Vanquished Creatures
  Grinder (D:4)
  A phantom (D:4)
  2 orc priests
  An iguana (D:4)
  Natasha (twice) (D:4)
  An orc wizard (D:4)
  5 adders
  A gnoll (D:1)
  3 dart slugs
  4 orcs
  9 ball pythons
  9 endoplasms
  3 giant cockroaches
  6 goblins
  10 hobgoblins
  7 jackals
  5 quokkas
  3 bats
  2 frilled lizards
  8 kobolds
  6 rats
89 creatures vanquished.

Vanquished Creatures (collateral kills)
  A dart slug (D:3)
  An orc (D:3)
  A ball python (D:3)
  2 bats (D:3)
  A rat (D:3)
6 creatures vanquished.

Vanquished Creatures (others)
  3 orc zombies (D:3)
  2 bat zombies (D:3)
  2 ball python zombies (D:3)
  2 endoplasm zombies (D:3)
  A frilled lizard zombie (D:3)
  A goblin zombie (D:3)
  2 hobgoblin zombies (D:3)
  6 plants (D:3)
19 creatures vanquished.

Grand Total: 114 creatures vanquished

Notes
Turn   | Place    | Note
-------+----------+-------------------------------------------
     0 | D:1      | javelincjr the Octopode Hedge Wizard began the quest for
                  | the Orb.
     0 | D:1      | Reached XP level 1. HP: 11/11 MP: 4/4
     3 | D:1      | Found Diq Xyno's Antique Weapon Shoppe.
   354 | D:1      | Reached XP level 2. HP: 16/17 MP: 0/6
   496 | D:1      | Reached skill level 3 in Stealth
   759 | D:1      | Learned a level 2 spell: Blink
   762 | D:1      | Learned a level 2 spell: Call Imp
   841 | D:1      | Reached XP level 3. HP: 16/22 MP: 7/7
  1466 | D:1      | Noticed a golden eye
  1469 | D:1      | Noticed a great orb of eyes
  1471 | D:1      | Found a faded altar of an unknown god.
  1472 | D:1      | Noticed a floating eye
  1472 | D:1      | Noticed a golden eye
  1481 | D:1      | Prayed at the altar of an unknown god.
  1481 | D:1      | Became a worshipper of Yredelemnul the Dark
  1481 | D:1      | Reached * piety under Yredelemnul
  2357 | D:3      | Reached XP level 4. HP: 26/27 MP: 8/8
  2587 | D:3      | Reached skill level 1 in Fighting
  2659 | D:3      | Found a sacrificial altar of Ru.
  2791 | D:3      | Reached ** piety under Yredelemnul
  2818 | D:3      | Reached XP level 5. HP: 28/33 MP: 9/9
  3102 | D:3      | Found a broken altar of Ashenzari.
  3106 | D:3      | Saw a vision of the Swamp and the Snake Pit.
  3106 | D:3      | Noticed a mana viper
  3106 | D:3      | Noticed a guardian serpent
  3106 | D:3      | Noticed a naga
  3106 | D:3      | Noticed a naga sharpshooter
  3106 | D:3      | Noticed a swamp dragon
  3106 | D:3      | Noticed a seven-headed hydra
  3106 | D:3      | Noticed a naga warrior
  3106 | D:3      | Noticed a naga ritualist
  3106 | D:3      | Noticed a naga mage
  3106 | D:3      | Noticed a goliath frog
  3106 | D:3      | Noticed an alligator
  3107 | D:3      | Noticed a naga
  3109 | D:3      | Noticed a salamander
  3827 | D:3      | Reached skill level 4 in Stealth
  3874 | D:4      | Noticed a phantom
  3886 | D:4      | Killed a phantom
  3887 | D:4      | Reached XP level 6. HP: 31/39 MP: 9/11
  3952 | D:4      | Found a shimmering blue altar of Sif Muna.
  3955 | D:4      | Fell from the grace of Yredelemnul
  3955 | D:4      | Became a worshipper of Sif Muna the Loreminder
  4066 | D:4      | Gained mutation: You are dopey. (Int -2) [potion of
                  | mutation]
  4066 | D:4      | Gained mutation: You have a pair of small antennae on your
                  | head. [potion of mutation]
  4066 | D:4      | Gained mutation: Your flesh is heat resistant. (rF+)
                  | [potion of mutation]
  4067 | D:4      | Lost mutation: You are dopey. (Int -2) [potion of mutation]
  4067 | D:4      | Lost mutation: You have a pair of small antennae on your
                  | head. [potion of mutation]
  4067 | D:4      | Lost mutation: Your flesh is heat resistant. (rF+) [potion
                  | of mutation]
  4067 | D:4      | Gained mutation: You have hidden genetic defects. [potion
                  | of mutation]
  4067 | D:4      | Gained mutation: You are agile. (Dex +4, Str/Int -1)
                  | [potion of mutation]
  4094 | D:4      | Found a glowing silver altar of Zin.
  4109 | D:4      | Noticed Natasha
  4118 | D:4      | Killed Natasha
  4170 | D:4      | Noticed Natasha
  4179 | D:4      | Killed Natasha
  4180 | D:4      | Gained mutation: Your magical capacity is low. (-10% MP)
                  | [hidden defects]
  4280 | D:4      | Noticed Natasha
  4401 | D:4      | Found a staircase to the Ecumenical Temple.
  4405 | D:4      | Noticed Grinder
  4412 | D:4      | Paralysed by Grinder for 3 turns
  4413 | D:4      | Gained mutation: You occasionally shout uncontrollably at
                  | your foes. [hidden defects]
  4413 | D:4      | Lost mutation: You have hidden genetic defects. [hidden
                  | defects expressed]
  4417 | D:4      | Paralysed by Grinder for 3 turns
  4420 | D:4      | Killed Grinder
  4421 | D:4      | Reached XP level 7. HP: 2/45 MP: 11/11
  4421 | D:4      | Slain by a goblin

Illustrated notes

Levels and vault maps discovered:
D:1:      dpeg_arrival_tiny_h, layout_rooms, serial_shops, nicolae_shop_trees,
          hellmonk_ecumenical_altar_watching_god, st_stairs_6
D:2:      layout_basic
D:3:      minmay_skewed_foursquare, layout_loops_ring, grunt_ashenzari_visionary
          [grunt_ashenzari_visionary_swamp, grunt_ashenzari_visionary_snake],
          nicolae_ru_great_annihilating_truth, serial_bayou_lagoon_b
D:4:      layout_loops_cross, lemuel_blue_sif_altar, zin_academy,
          minmay_temple_entry_proselytizer, uniq_grinder, uniq_blork_the_orc,
          uniq_natasha, uniq_menkaure

Skill      XL: |  1  2  3  4  5  6 |
---------------+-------------------+-----
Stealth        | 3 4 |  4.9
Fighting       | 1 2 |  2.3
Conjurations   | 2 3 |  3.0
Translocations | 2 3 |  3.0
Summonings     | 2 |  2.8
Dodging        | 3 |  3.3
Spellcasting   | |  3.9

Action                   |  1- 3 |  4- 6 |  7- 9 || total
-------------------------+-------+-------+-------++-------
Melee: Dagger            |    57 |    39 |       ||    96
       Tentacles         |    19 |    14 |       ||    33
       Constrict         |    13 |    18 |       ||    31
       Punch             |       |     2 |       ||     2
       War axe           |       |    48 |     1 ||    49
 Cast: Magic Dart        |    56 |    26 |       ||    82
       Call Imp          |       |     1 |       ||     1
  Use: Scroll            |       |     4 |       ||     4
       Potion            |       |     2 |       ||     2
 Stab: Sleeping          |     4 |    12 |       ||    16
       Paralysed         |       |     1 |       ||     1
       Distracted        |       |     1 |       ||     1
Armor: Skin              |     5 |     7 |       ||    12
Dodge: Dodged            |    33 |    61 |       ||    94
